 Dungeon Crawl Stone Soup version 0.31-a0-200-gbc41564c69 (webtiles) character file.

Game seed: 13507539014788426458

364 qw the Skirmisher (level 6, -6/35 HPs)
             Began as a Deep Elf Hunter on June 25, 2023.
             Killed from afar by Ijyb (15 damage)
             ... with an iceblast
             ... on level 4 of the Dungeon.
             The game lasted 00:00:55 (2546 turns).

qw the Skirmisher (Deep Elf Hunter)                 Turns: 2546, Time: 00:00:56

Health: -6/35      AC:  7    Str: 13    XL:     6   Next: 39%
Magic:  8/8        EV: 11    Int: 16    God:
Gold:   212        SH:  0    Dex: 16    Spells: 5/5 levels left

rFire   . . .        k - +6 sling "Jeixooth" {freeze, rPois Str+3 Int+2 Dex-2}
rCold   . . .        (no shield)
rNeg    . . .        h - +0 ring mail
rPois   +            (no helmet)
rElec   .            (no cloak)
rCorr   .            e - +1 pair of gloves
SInv    .            (no boots)
Will    .....        (no amulet)
Stlth   +            (no ring)
HPRegen 0.25/turn    (no ring)
MPRegen 0.11/turn

%: no passive effects
@: no status effects
A: no striking features
a: no special abilities


You were on level 4 of the Dungeon.
You visited 1 branch of the dungeon, and saw 4 of its levels.

You collected 212 gold pieces.


   Skills:
 - Level 2.0 Fighting
 - Level 10.0 Ranged Weapons
 + Level 2.5 Dodging
 - Level 1.2 Stealth


You had 5 spell levels left.
You didn't know any spells.
Your spell library was empty.

Inventory:

Hand Weapons
 k - the +6 sling "Jeixooth" (weapon) {freeze, rPois Str+3 Int+2 Dex-2}
   (You found it on level 2 of the Dungeon)

   Str:       It affects your strength (+3).
   Int:       It affects your intelligence (+2).
   Dex:       It affects your dexterity (-2).
   rPois:     It protects you from poison.
Armour
 e - a +1 pair of gloves (worn)
 h - a +0 ring mail (worn)
Scrolls
 a - a scroll of enchant weapon
 c - a scroll of torment {unknown}
 l - a scroll of identify
Potions
 b - a potion of haste {unknown}
 f - a potion of brilliance {unknown}
 i - a potion of curing {unknown}
 j - a potion of might
 n - a potion of degeneration {unknown}

Dungeon Overview and Level Annotations

Branches:
Dungeon (4/15)
 Temple: D:4-7

Altars:
Elyvilon
Zin
The Shining One

Shops:
D:3 [

Annotations:
D:4 3 runed translucent doors, Ijyb; qw's ghost, amateur DEHu


Message History

2526 ||| Stepping ~*~*~tactically~*~*~ (outnumbered).
2527 ||| Stepping ~*~*~tactically~*~*~ (outnumbered).
Enter note:
Enter note: A goblin is nearby!
Enter note:
Enter note: You shoot a sling bullet.
The sling bullet hits the goblin.
The sling bullet freezes the goblin.
The goblin is heavily wounded.
You shoot a sling bullet. The sling bullet hits the goblin.
The sling bullet freezes the goblin.
You kill the goblin!
Found a stone staircase leading down.
Enter note:
Enter note: You now have 212 gold pieces (gained 11).
Ijyb is nearby!
Enter note:
Enter note: You shoot a sling bullet.
The sling bullet completely misses Ijyb.
You shoot a sling bullet. The sling bullet closely misses Ijyb.
The sling bullet hits the goblin.
The sling bullet freezes the goblin.
The goblin is heavily wounded.
Ijyb zaps a wand.
The mass of ice explodes!
The iceblast engulfs you!
You shoot a sling bullet. The sling bullet hits the goblin.
The sling bullet freezes the goblin.
You kill the goblin!
Ijyb zaps a wand.
The mass of ice explodes!
The iceblast engulfs you!
You hear a shout!
You shoot a sling bullet. The sling bullet closely misses Ijyb.
You shoot a sling bullet.
The sling bullet hits Ijyb but does no damage.
You shoot a sling bullet. The sling bullet hits Ijyb!
The sling bullet freezes Ijyb.
Ijyb is heavily wounded.
A quokka comes into view.
Ijyb zaps a wand.
The mass of ice explodes!
The iceblast engulfs you!
You die...

####################
......)...........>#####
#####.####).g...@......#
#..# #########r###.#
#..8.8.8g8 # #..).g....
#......gg. #....)....
#........g #.........
#..8.8.8.8


You could see Ijyb and a quokka.

Vanquished Creatures
  A sky beast (D:4)
  An ogre (D:4)
  A jelly (D:4)
  An iguana (D:4)
  An orc wizard (D:4)
  3 adders (D:2)
  A worm (D:3)
  3 dart slugs
  4 orcs (D:4)
  6 endoplasms
  5 giant cockroaches
  6 goblins
  3 hobgoblins (D:2)
  6 kobolds
  2 quokkas
  9 ball pythons
  6 bats
  5 frilled lizards
  9 rats
73 creatures vanquished.

Notes
Turn   | Place    | Note
-------+----------+-------------------------------------------
     0 | D:1      | qw the Deep Elf Hunter began the quest for the Orb.
     0 | D:1      | Reached XP level 1. HP: 12/12 MP: 3/3
     0 | D:1      | 0 ||| qw: Version: 0.3-a-22-g0ed2b0b
     0 | D:1      | 0 ||| qw: Game counter: 5531
     0 | D:1      | 0 ||| qw: Melee chars always use a shield: true
     0 | D:1      | 0 ||| qw: God list: Okawaru
     0 | D:1      | 0 ||| qw: Allow faded altars: false
     0 | D:1      | 0 ||| qw: Do Orc after clearing Dungeon:15 true
     0 | D:1      | 0 ||| qw: Do second Lair branch before Depths: true
     0 | D:1      | 0 ||| qw: Lair rune preference: random
     0 | D:1      | 0 ||| qw: Goals: Normal
     0 | D:1      | 0 ||| PLANNING D:1-11
    70 | D:1      | HP: 2/12 [frozen (5)]
   128 | D:1      | Reached skill level 6 in Ranged Weapons
   128 | D:1      | Reached XP level 2. HP: 16/16 MP: 4/4
   446 | D:1      | Reached XP level 3. HP: 20/20 MP: 5/5
   497 | D:1      | 497 ||| READING scroll labelled VARYP UG WOCIE.
   498 | D:1      | 498 ||| READING scroll labelled MUITTO QOELOJI.
   502 | D:1      | 502 ||| READING scroll labelled ANOCESHRIVIDD.
   503 | D:1      | 503 ||| DROPPING scroll of butterflies.
   592 | D:2      | Reached skill level 7 in Ranged Weapons
   863 | D:2      | Reached XP level 4. HP: 25/25 MP: 6/6
   983 | D:2      | Identified the +6 sling "Jeixooth" {freeze, rPois Str+3
                  | Int+2 Dex-2}
   985 | D:2      | 985 ||| SWAPPING to +6 sling "Jeixooth" {freeze, rPois
                  | Str+3 Int+2 Dex-2}.
   986 | D:2      | 986 ||| DROPPING +0 shortbow.
  1009 | D:2      | Found a faded altar of an unknown god.
  1533 | D:2      | 1533 ||| UPGRADING to +1 pair of gloves.
  1538 | D:2      | 1538 ||| DROPPING scarf of shadows.
  1539 | D:2      | 1539 ||| READING scroll labelled YLLOVI POAGOT.
  1540 | D:2      | 1540 ||| READING 2 scrolls labelled YZED FENWUCREV.
  1541 | D:2      | 1541 ||| DRINKING 2 yellow potions.
  1915 | D:3      | Found Uruyjin's Armour Boutique.
  1919 | D:3      | 1919 ||| SHOPLISTING +3 ring mail of fire resistance (364
                  | gold, have 155).
  1984 | D:3      | Found a glowing golden altar of the Shining One.
  1984 | D:3      | Found a white marble altar of Elyvilon.
  1985 | D:3      | Found a glowing silver altar of Zin.
  2167 | D:3      | 2167 ||| UPGRADING to +0 scale mail.
  2177 | D:3      | 2177 ||| DROPPING +0 leather armour.
  2178 | D:3      | 2178 ||| UPGRADING to +0 ring mail.
  2188 | D:3      | 2188 ||| DROPPING +0 scale mail.
  2189 | D:3      | 2189 ||| READING 4 scrolls labelled JUIP WUPEVU.
  2190 | D:3      | 2190 ||| READING scroll labelled OLAUS ZAKHLU.
  2191 | D:3      | 2191 ||| DRINKING 2 fuming puce potions.
  2222 | D:3      | 2222 ||| READING 2 scrolls of identify.
  2222 | D:3      | 2222 ||| IDENTIFYING bubbling inky potion
  2223 | D:3      | 2223 ||| DROPPING potion of attraction.
  2224 | D:3      | 2224 ||| DROPPING potion of lignification.
  2225 | D:3      | 2225 ||| DROPPING 3 scrolls of fog.
  2251 | D:4      | 2251 ||| PLANNING SEWER
  2254 | D:4      | Reached skill level 8 in Ranged Weapons
  2308 | D:4      | Found a runed translucent gate.
  2308 | D:4      | Found a runed translucent gate.
  2308 | D:4      | Noticed qw's ghost (amateur DEHu)
  2314 | D:4      | Noticed a sky beast
  2321 | D:4      | Found a runed translucent gate.
  2405 | D:4      | Reached XP level 5. HP: 29/29 MP: 7/7
  2418 | D:4      | Noticed a sky beast
  2422 | D:4      | Killed a sky beast
  2423 | D:4      | Reached skill level 9 in Ranged Weapons
  2444 | D:4      | Reached XP level 6. HP: 35/35 MP: 8/8
  2485 | D:4      | Reached skill level 10 in Ranged Weapons
  2525 | D:4      | Noticed Ijyb
  2526 | D:4      | 2526 ||| Stepping ~*~*~tactically~*~*~ (outnumbered).
  2527 | D:4      | 2527 ||| Stepping ~*~*~tactically~*~*~ (outnumbered).
  2543 | D:4      | HP: 8/35 [Ijyb/iceblast (15)]
  2546 | D:4      | Killed from afar by Ijyb

Levels and vault maps discovered:
D:1:      ebering_trefoil_twist, layout_rooms
D:2:      layout_basic, shapermc_ecumenical_altar_starsandcircs,
          minmay_close_crescents
D:3:      layout_loops_ring, good_gods_mini_temple, serial_shops, shop,
          serial_glass, glass_columns_a, glass_columns_c, kennysheep_cross_room
D:4:      kennysheep_the_goblin_king, layout_basic, gup_sewer_entry_pipe,
          gammafunk_ghost_split

Skill      XL: |  1  2  3  4  5  6 |
---------------+-------------------+-----
Ranged Weapons | 6 7 8 9 10 | 10.0
Fighting       | 2 |  2.0
Dodging        | |  2.5
Stealth        | |  1.2

Action                     |  1- 3 |  4- 6 || total
---------------------------+-------+-------++-------
   Fire: Shortbow          |    94 |     5 ||    99
         Sling             |       |    74 ||    74
    Use: Scroll            |     3 |     5 ||     8
         Potion            |       |     2 ||     2
 Armour: Leather armour    |     8 |     2 ||    10
  Dodge: Dodged            |    13 |     5 ||    18

Table legend:
 A = Non-vault XP
 B = Vault XP
 C = Vault XP percentage of total XP
 D = Non-vault monster count
 E = Vault monster count
 F = Vault count percentage of total count
                 A         B        C        D         E       F
            +---------+---------+-------+---------+---------+-------
      Total |     511 |       9 |   1.7 |      68 |       5 |   6.8
            +---------+---------+-------+---------+---------+-------
        D:1 |      42 |       0 |   0.0 |      25 |       0 |   0.0
        D:2 |      70 |       2 |   2.8 |      23 |       1 |   4.2
        D:3 |      19 |       0 |   0.0 |       8 |       0 |   0.0
        D:4 |     380 |       7 |   1.8 |      12 |       4 |  25.0
            +---------+---------+-------+---------+---------+-------
